AoeStats
← cvlp

Arena

508515470Analyzed
2v2 RM · 10d ago on Sep 22, 2026· 82m 37s· 4 players
Game mode
Random Map
Map size
Medium (4 player)
Population
200
Speed
Normal
Resources
Standard
Victory
Conquest
Starting age
Dark Age
Ending age
Imperial Age
RankedLock teamsTeams togetherTeam positionsShared explorationLock speedFull tech treeHidden civsTurbo modeCheats
Victory
Defeat
🇨🇳 Saxons · China
1383
+11
🇨🇳 Varangians · China
1334
+13
🇫🇷 Britons · France
1317
-13
🇺🇸 Varangians · United States
1235
-11
petey_hs
10:19 Feudal Age
11:40 Loom
14:30 Castle Age
12:26 Double-Bit Axe
12:33 Horse Collar
21:54 Squires
23:24 Wheelbarrow
25:28 Bow Saw
26:42 Gold Mining
30:05 Imperial Age
27:08 Elite Skirmisher
28:04 Fletching
28:20 Scale Barding Armor
29:14 Forging
29:38 Bloodlines
29:28 Husbandry
31:13 Cavalier
32:40 Chain Barding Armor
32:59 Hand Cart
33:22 Iron Casting
33:27 Stone Mining
33:38 Heavy Plow
34:44 Two-Man Saw
34:25 Ballistics
35:09 Chemistry
34:54 Plate Barding Armor
35:20 Conscription
35:11 Vendel Legacy
37:17 Blast Furnace
36:23 Heavy Scorpion
37:45 Murder Holes
37:30 Treadmill Crane
39:53 Siege Engineers
41:23 Stone Shaft Mining
41:16 Town Watch
41:19 Light Cavalry
43:22 Bodkin Arrow
43:28 Padded Archer Armor
45:21 Crop Rotation
46:38 Light Cavalry
49:04 Hussar
49:32 Elite Varangian Guard
52:58 Scale Mail Armor
53:06 Bracer
54:34 Fortified Wall
71:04 Caravan
FLEJEUNE
8:51 Feudal Age
10:10 Wheelbarrow
10:03 Double-Bit Axe
12:42 Horse Collar
16:35 Castle Age
14:35 Town Watch
16:15 Loom
16:16 Town Watch
18:14 Heavy Plow
21:11 Bow Saw
21:01 Stone Mining
21:56 Fletching
23:35 Gold Mining
24:11 Town Patrol
25:51 Bodkin Arrow
26:30 Hand Cart
27:23 Padded Archer Armor
28:13 Ballistics
28:42 Leather Archer Armor
28:46 Treadmill Crane
31:48 Imperial Age
30:34 Yeomen
32:37 Bracer
33:39 Chemistry
33:00 Conscription
32:52 Elite Longbowman
34:43 Ring Archer Armor
35:20 Two-Man Saw
34:58 Gold Shaft Mining
34:45 Guilds
34:41 Murder Holes
35:47 Siege Engineers
37:13 Warwolf
38:14 Coinage
38:17 Fortified Wall
38:17 Masonry
43:13 Hoardings
46:11 Squires
47:05 Pikeman
48:30 Scale Mail Armor
48:41 Forging
49:11 Halberdier
52:07 Chain Mail Armor
53:08 Iron Casting
55:25 Plate Mail Armor
55:55 Blast Furnace
59:13 Architecture
60:47 Arson
69:50 Caravan
70:21 Banking
72:48 Scale Barding Armor
72:42 Man-at-Arms
73:08 Gambesons
74:08 Long Swordsman
75:11 Chain Barding Armor
74:45 Two-Handed Swordsman
76:01 Champion
cvlp
9:55 Feudal Age
11:03 Double-Bit Axe
14:01 Castle Age
11:51 Horse Collar
16:00 Scale Barding Armor
23:58 Wheelbarrow
24:17 Bow Saw
24:53 Heavy Plow
26:29 Hand Cart
29:18 Imperial Age
26:41 Town Watch
26:50 Gold Mining
27:57 Forging
27:47 Scale Mail Armor
29:42 Iron Casting
31:42 Blast Furnace
30:57 Chain Mail Armor
30:30 Gambesons
30:45 Squires
30:30 Arson
30:06 Elite Varangian Guard
30:39 Gambesons
30:55 Squires
30:40 Arson
31:11 Chain Mail Armor
30:31 Capped Ram
31:37 Cavalier
32:01 Gothikon
32:08 Vendel Legacy
33:09 Conscription
33:21 Bloodlines
33:11 Husbandry
34:59 Siege Ram
37:02 Stone Mining
37:34 Town Patrol
38:33 Crop Rotation
38:26 Chain Barding Armor
39:47 Plate Barding Armor
39:20 Loom
40:00 Siege Engineers
42:43 Caravan
42:56 Guilds
49:18 Light Cavalry
53:06 Plate Mail Armor
52:26 Fletching
52:49 Hussar
60:37 Bodkin Arrow
60:42 Padded Archer Armor
62:03 Chemistry
61:24 Ballistics
60:47 Treadmill Crane
64:46 Elite Skirmisher
68:18 Bracer
68:33 Leather Archer Armor
71:28 Gothikon
73:08 Leather Archer Armor
Moririnnx
10:02 Feudal Age
11:45 Double-Bit Axe
14:37 Castle Age
12:23 Horse Collar
16:00 Bow Saw
16:41 Wheelbarrow
17:52 Loom
19:41 Town Watch
20:23 Hand Cart
22:08 Gold Mining
24:08 Gold Shaft Mining
24:17 Heavy Plow
28:26 Imperial Age
26:31 Stone Mining
27:24 Padded Archer Armor
27:14 Fletching
27:28 Scale Mail Armor
27:47 Town Patrol
28:00 Forging
28:01 Squires
27:47 Arson
28:15 Arson
28:17 Gambesons
29:10 Chain Mail Armor
29:04 Scale Barding Armor
28:59 Bodkin Arrow
29:05 Padded Archer Armor
29:34 Conscription
30:05 Iron Casting
30:45 Two-Man Saw
30:37 Siege Engineers
31:57 Plate Mail Armor
31:49 Chain Barding Armor
31:40 Shield Wall
33:47 Chemistry
32:29 Treadmill Crane
33:21 Bracer
33:38 Leather Archer Armor
33:07 Elite Hearth Troop
33:58 Pikeman
33:59 Man-at-Arms
35:16 Ballistics
35:28 Ring Archer Armor
34:53 Halberdier
34:54 Long Swordsman
36:07 Elite Varangian Guard
36:43 Two-Handed Swordsman
39:23 Clerical Recruitment
40:37 Block Printing
40:47 Sanctity
42:07 Redemption
42:27 Illumination
44:35 Hoardings
43:29 Capped Ram
44:36 Siege Ram
49:33 Coinage
53:00 Light Cavalry
53:51 Bloodlines
53:41 Husbandry
55:15 Caravan
58:55 Caravan
65:51 Guilds
67:46 Crop Rotation
67:56 Fortified Wall
67:57 Masonry
74:32 Champion
75:56 Banking
Connection lost

Rejoining the realm…

Still unreachable

The connection could not be restored.

Session expired

The server has moved on; the page needs a fresh start.